 Dungeon Crawl Stone Soup version 0.26-a0-6-g448add79b7 (webtiles) character file.

Game seed: 7074082877012111639, levelgen mode: classic

1038 EnegeticOcto the Magician (level 8, -2/52 HPs)
             Began as an Octopode Wizard on May 24, 2020.
             Was a Follower of Sif Muna.
             Slain by an ice beast (14 damage)
             ... on level 6 of the Dungeon.
             The game lasted 00:17:05 (8142 turns).

EnegeticOcto the Magician (Octopode Wizard)         Turns: 8142, Time: 00:17:06

Health: -2/52      AC:  2    Str:  7    XL:     8   Next: 24%
Magic:  2/15       EV: 13    Int: 22    God:    Sif Muna [*.....]
Gold:   234        SH:  4    Dex: 10    Spells: 10/17 levels left

rFire    . . .     SeeInvis .   l - +2 dagger (venom)
rCold    . . .     Gourm    .   h - +0 buckler
rNeg     . . .     Faith    .   a - +1 hat
rPois    .         Spirit   .   (no amulet)
rElec    .         Reflect  .   (no ring)
rCorr    .         Harm     .   (no ring)
MR       .....                  (no ring)
Stlth    +++.......             (no ring)
HPRegen  0.17/turn              (no ring)
MPRegen  0.14/turn              (no ring)
                                (no ring)
                                (no ring)

@: no status effects
A: almost no armour, stealthy swim, amphibious, 8 rings, constrict 8, camouflage
1, gelatinous body 1
a: Channel Magic, Renounce Religion


You were on level 6 of the Dungeon.
You worshipped Sif Muna.
Sif Muna was aware of your devotion.
You were not hungry.

You visited 1 branch of the dungeon, and saw 6 of its levels.

You collected 234 gold pieces.

Inventory:

Hand Weapons
 l - a +2 dagger of venom (weapon)
Missiles
 n - 17 poisoned darts (quivered)
Armour
 a - a +1 hat (worn)
 h - a +0 buckler (worn)
Wands
 o - a wand of flame (11) {@v4}
Scrolls
 d - 4 scrolls of teleportation {@r3 !r}
 g - a scroll of immolation
 p - a scroll of fog {unknown}
 q - a scroll of remove curse {@r2}
 v - a scroll of blinking {@r4}
Potions
 b - 2 potions of mutation {unknown}
 c - a potion of degeneration {unknown}
 f - 2 potions of curing {@q1 !q}
 i - a potion of brilliance {unknown}
 j - a potion of might {unknown}
 k - a potion of invisibility {unknown}
 m - 3 potions of stabbing {@q5 !q}
 r - 2 potions of heal wounds {unknown}
 s - a potion of lignification {unknown}
 t - 3 potions of flight
Comestibles
 e - 11 rations


   Skills:
 - Level 3.0 Fighting
 - Level 2.0 Dodging
 - Level 3.0 Stealth
 - Level 4.0 Shields
 - Level 5.0 Spellcasting
 - Level 4.0 Conjurations
 - Level 4.0 Summonings
 - Level 1.0 Translocations
 + Level 2.4 Invocations


You had 10 spell levels left.
You knew the following spells:

 Your Spells              Type           Power        Failure   Level  Hunger
a - Magic Dart            Conj           ###.         1%          1    None
b - Call Imp              Summ           ###.....     3%          2    None
c - Slow                  Hex            #.......     16%         2    None
Y - Blink                 Tloc           N/A          10%         2    None

Your spell library contained the following spells:

 Spells                   Type           Power        Failure   Level  Hunger
 Conjure Flame            Conj/Fire      ##......     13%         3    ##.....
 Mephitic Cloud           Conj/Pois/Air  ##......     19%         3    ##.....


Dungeon Overview and Level Annotations

Branches:
Dungeon (6/15)             Temple (0/1) D:4

Altars:
Ashenzari
Cheibriados
Fedhas
Qazlal
Ru
Sif Muna

Shops:
D:5 :


Innate Abilities, Weirdness & Mutations

You cannot wear most types of armour.
You are very stealthy in the water. (Stealth+)
You are amphibious.
You can wear up to eight rings at the same time.
You can use your tentacles to constrict eight enemies at once.
Your skin changes colour to match your surroundings (Stealth+).
Your rubbery body absorbs attacks. (AC +1, EV +1)


Message History

Okay, then.
Casting: Magic Dart (safe; 1% risk of failure)
Confirm with . or Enter, or press ? or * to list all spells.
Aiming: Magic Dart (safe; 1% risk of failure)
Press: ? - help, Shift-Dir - straight line, f - orc, p - orc
Aim: an orc, wielding a +0 mace and quivering a boomerang of dispersal The magic dart hits the orc but does no damage.
The orc throws a boomerang.
The boomerang barely misses your crimson imp.
The boomerang hits you.
The weapon returns to the orc!
Casting: Magic Dart (safe; 1% risk of failure)
Confirm with . or Enter, or press ? or * to list all spells.
Aiming: Magic Dart (safe; 1% risk of failure)
Press: ? - help, Shift-Dir - straight line, f/p - orc
Aim: an orc, wielding a +0 mace and quivering a boomerang of dispersal The magic dart hits the orc.
The orc is severely wounded.
The orc throws a boomerang.
The boomerang closely misses your crimson imp.
The boomerang misses you.
The weapon returns to the orc!
Your crimson imp hits the orc.
Casting: Magic Dart (safe; 1% risk of failure)
Confirm with . or Enter, or press ? or * to list all spells.
Aiming: Magic Dart (safe; 1% risk of failure)
Press: ? - help, Shift-Dir - straight line, f/p - orc
Aim: an orc, wielding a +0 mace and quivering a boomerang of dispersal The magic dart hits the orc but does no damage.
The orc is severely wounded.
The orc throws a boomerang.
The boomerang hits your crimson imp.
The weapon returns to the orc!
Your crimson imp hits the orc but does no damage.
An ice beast comes into view.
Casting: Magic Dart (safe; 1% risk of failure)
Confirm with . or Enter, or press ? or * to list all spells.
Aiming: Magic Dart (safe; 1% risk of failure)
Press: ? - help, Shift-Dir - straight line, f/p - orc
Aim: an orc, wielding a +0 mace and quivering a boomerang of dispersal The magic dart hits the orc but does no damage.
The orc is severely wounded.
Your crimson imp disappears in a puff of smoke!
The orc throws a boomerang.
The boomerang hits your crimson imp but does no damage.
The weapon returns to the orc!
You hit the orc.
The orc is poisoned.
Your grab misses the orc.
The orc is almost dead.
The orc closely misses you.
Your crimson imp hits the orc but does no damage.
You hit the orc. You grab the orc.
The orc is almost dead.
You constrict the orc.
You kill the orc!
Sif Muna accepts your kill.
You kill the orc!
Sif Muna accepts your kill.
Your crimson imp completely misses the orc.
The ice beast hits your crimson imp.
The ice beast freezes your crimson imp!!
Your crimson imp is frozen!
Your crimson imp dies!
Evoke which item? (* to show all) (? for menu, Esc to quit)
Aiming: Throw Flame
Press: ? - help, Shift-Dir - straight line, f - orc
Aim: an orc, wielding a -1 club, wearing a +0 leather armour and quivering 3 boomerangs (lightly wounded)
The puff of flame hits the orc.
The orc is heavily wounded.
Evoke which item? (* to show all) (? for menu, Esc to quit)
Aiming: Throw Flame
Press: ? - help, Shift-Dir - straight line, f/p - orc
Aim: an orc, wielding a -1 club, wearing a +0 leather armour and quivering 3 boomerangs (heavily wounded)
The puff of flame hits the orc.
You kill the orc!
Sif Muna accepts your kill.
Evoke which item? (* to show all) (? for menu, Esc to quit)
Aiming: Throw Flame
Press: ? - help, Shift-Dir - straight line, f - ice beast
Aim: an ice beast The puff of flame hits the ice beast!
The ice beast melts!
The ice beast is moderately wounded.
Evoke which item? (* to show all) (? for menu, Esc to quit)
Aiming: Throw Flame
Press: ? - help, Shift-Dir - straight line, f/p - ice beast
Aim: an ice beast (moderately wounded)
The puff of flame misses the ice beast.
Evoke which item? (* to show all) (? for menu, Esc to quit)
Aiming: Throw Flame
Press: ? - help, Shift-Dir - straight line, f/p - ice beast
Aim: an ice beast (moderately wounded)
The puff of flame hits the ice beast.
The ice beast is moderately wounded.
The ice beast hits you. The ice beast freezes you!
Evoke which item? (* to show all) (? for menu, Esc to quit)
Aiming: Throw Flame
Press: ? - help, Shift-Dir - straight line, f/p - ice beast
Aim: an ice beast (moderately wounded)
The puff of flame hits the ice beast.
The ice beast is moderately wounded.
The ice beast hits you.
* * * LOW HITPOINT WARNING * * *
The ice beast freezes you!
You die...

.......#.o..........#########
....[..#....................#
.......#...#####............#
########...# #............#
#...# #............# ###
#...# #)...........# ..#
##### #............# ..#
#Y)..........# ..#
#####@...........# ###
#................#
#....)...........# ##
#................# ..
#................# ..
#.......########## ..
#.......# .. #.......# ..
#.......#


You could see an ice beast.

Vanquished Creatures
  A phantom (D:4)
  An ogre (D:4)
  A centaur (D:5)
  A bullfrog (D:6)
  2 scorpions (D:4)
  2 crimson imps
  A howler monkey (D:5)
  An orc priest (D:6)
  Ijyb (D:4)
  A worker ant (D:5)
  5 orc wizards
  A hound skeleton (D:4)
  2 adders (D:2)
  6 adder skeletons
  A worm (D:2)
  A dart slug (D:1)
  4 leopard geckos
  15 orcs
  2 bats
  8 giant cockroaches
  12 goblins
  11 hobgoblins
  3 quokkas
  3 ball pythons
  8 frilled lizards
  A jackal skeleton (D:5)
  5 kobolds
  6 rats
106 creatures vanquished.

Vanquished Creatures (collateral kills)
  A hippogriff (D:6)
  An ogre (D:4)
  A jelly (D:5)
  An orc priest (D:5)
  2 centaur skeletons
  An iguana (D:5)
  Robin (D:2)
  An orc (D:5)
  2 goblins (D:2)
  2 hobgoblins (D:2)
13 creatures vanquished.

Grand Total: 119 creatures vanquished

Notes
Turn   | Place    | Note
-------+----------+-------------------------------------------
     0 | D:1      | EnegeticOcto the Octopode Wizard began the quest for the
                  | Orb.
     0 | D:1      | Reached XP level 1. HP: 11/11 MP: 4/4
   124 | D:1      | Reached skill level 3 in Stealth
   325 | D:1      | Reached XP level 2. HP: 10/17 MP: 0/6
   503 | D:1      | Reached skill level 2 in Conjurations
  1218 | D:1      | Reached XP level 3. HP: 11/21 MP: 1/7
  1406 | D:1      | Reached skill level 1 in Shields
  1741 | D:2      | Learned a level 2 spell: Blink
  1744 | D:2      | Learned a level 2 spell: Call Imp
  1747 | D:2      | Learned a level 2 spell: Slow
  1839 | D:2      | Found a shattered altar of Ashenzari.
  1840 | D:2      | Found a sacrificial altar of Ru.
  1988 | D:2      | You fall into a shaft and drop 1 floor!
  2093 | D:2      | Noticed Robin
  2271 | D:2      | Killed Robin
  2497 | D:2      | Reached XP level 4. HP: 27/27 MP: 6/8
  2546 | D:2      | Reached skill level 2 in Shields
  2582 | D:2      | Found a snail-covered altar of Cheibriados.
  2600 | D:2      | Reached skill level 2 in Summonings
  3286 | D:3      | Found a stormy altar of Qazlal.
  3500 | D:3      | Found a shimmering blue altar of Sif Muna.
  3736 | D:3      | Became a worshipper of Sif Muna the Loreminder
  3797 | D:4      | Noticed Ijyb
  3804 | D:4      | Killed Ijyb
  3804 | D:4      | Reached XP level 5. HP: 23/31 MP: 4/9
  3919 | D:4      | Noticed an ogre
  3932 | D:4      | Killed an ogre
  3932 | D:4      | Reached skill level 3 in Shields
  3932 | D:4      | Reached skill level 3 in Summonings
  4030 | D:4      | Reached XP level 6. HP: 21/36 MP: 10/10
  4285 | D:4      | Noticed a phantom
  4337 | D:4      | Found a blossoming altar of Fedhas.
  4536 | D:4      | Reached skill level 4 in Shields
  4536 | D:4      | Reached skill level 4 in Summonings
  4616 | D:4      | Found a staircase to the Ecumenical Temple.
  4808 | D:4      | Reached skill level 1 in Fighting
  5044 | D:4      | Reached skill level 2 in Fighting
  5217 | D:4      | Reached XP level 7. HP: 45/45 MP: 11/11
  5329 | D:4      | Reached skill level 3 in Fighting
  5329 | D:4      | Reached skill level 3 in Conjurations
  5497 | D:5      | Entered Level 5 of the Dungeon
  6202 | D:5      | Reached skill level 4 in Conjurations
  6264 | D:5      | Found Lugue's Book Shoppe.
  6747 | D:5      | Reached skill level 4 in Spellcasting
  7338 | D:6      | Reached * piety under Sif Muna
  7338 | D:6      | Reached XP level 8. HP: 52/52 MP: 4/14
  7428 | D:6      | Noticed a hippogriff
  8004 | D:6      | Killed a hippogriff
  8004 | D:6      | Reached skill level 1 in Invocations
  8099 | D:6      | Reached skill level 2 in Invocations
  8121 | D:6      | Reached skill level 5 in Spellcasting
  8142 | D:6      | Slain by an ice beast

Illustrated notes

Levels and vault maps discovered:
D:1:      lightli_arrival_farm, layout_loops_ring
D:2:      layout_basic, lemuel_crystal_altar, gammafunk_temple_overflow_statue,
          first_ration, uniq_robin
D:3:      layout_loops_ring, lemuel_round_altar, grunt_ministairs_3,
          led_sif_pool
D:4:      minmay_inner_zag, layout_loops_corners,
          minmay_temple_entry_butterflies, fedhas_altar_4, uniq_ijyb
D:5:      layout_basic, serial_shops, shop
D:6:      layout_basic, minmay_manual_maat

Skill      XL: |  1  2  3  4  5  6  7  8 |
---------------+-------------------------+-----
Stealth        | 3 |  3.0
Conjurations   | 2 4 |  4.0
Shields        | 1 2 3 4 |  4.0
Summonings     | 2 3 4 |  4.0
Fighting       | 2 3 |  3.0
Spellcasting   | 4 5 |  5.0
Invocations    | 2 |  2.4
Dodging        | |  2.0
Translocations | |  1.0

Action                   |  1- 3 |  4- 6 |  7- 9 || total
-------------------------+-------+-------+-------++-------
Melee: Unarmed           |    12 |       |       ||    12
       Whip              |    28 |       |       ||    28
       Constrict         |    16 |    15 |     7 ||    38
       Tentacles         |     7 |     8 |     7 ||    22
       Dagger            |    26 |    73 |    45 ||   144
Throw: Dart              |       |    18 |       ||    18
 Cast: Magic Dart        |    62 |    48 |    67 ||   177
       Call Imp          |     2 |     6 |    47 ||    55
       Slow              |       |     4 |     3 ||     7
Evoke: Wand              |       |       |     7 ||     7
  Use: Scroll            |       |     9 |     4 ||    13
       Potion            |       |       |     2 ||     2
 Stab: Sleeping          |     1 |     9 |     1 ||    11
  Eat: Chunk             |     1 |     9 |     4 ||    14
       Ration            |     1 |       |     2 ||     3
Armor: Skin              |     6 |    10 |     7 ||    23
Dodge: Dodged            |    30 |    27 |    34 ||    91
Block: Buckler           |     3 |     7 |     7 ||    17

Table legend:
 A = Non-vault XP
 B = Vault XP
 C = Vault XP percentage of total XP
 D = Non-vault monster count
 E = Vault monster count
 F = Vault count percentage of total count
                 A         B        C        D         E       F
            +---------+---------+-------+---------+---------+-------
      Total |    1143 |     341 |  23.0 |      99 |      20 |  16.8
            +---------+---------+-------+---------+---------+-------
        D:1 |      37 |       0 |   0.0 |      20 |       0 |   0.0
        D:2 |      62 |      27 |  30.3 |      20 |      11 |  35.5
        D:3 |      25 |       3 |  10.7 |      14 |       2 |  12.5
        D:4 |     435 |     151 |  25.8 |      18 |       5 |  21.7
        D:5 |     448 |       0 |   0.0 |      20 |       0 |   0.0
        D:6 |     136 |     160 |  54.1 |       7 |       2 |  22.2
            +---------+---------+-------+---------+---------+-------
